AoeStats
← Mhafiki

MegaRandom

506571371Analyzed
3v3 RM · 18d ago on Sep 14, 2026· 81m 47s· 6 players
Game mode
Random Map
Map size
Normal (6 player)
Population
200
Speed
Normal
Resources
Standard
Victory
Conquest
Starting age
Dark Age
Ending age
Imperial Age
RankedLock teamsTeams togetherTeam positionsShared explorationLock speedFull tech treeHidden civsTurbo modeCheats
Victory
Defeat
🇺🇸 Romans · United States
1175
+14
🇺🇸 Sicilians · United States
1054
+19
🇺🇸 Hindustanis · United States
1041
+20
🇧🇷 Burgundians · Brazil
1175
-19
🇧🇷 Persians · Brazil
1153
-19
🇧🇷 Britons · Brazil
1054
-15
DVaso
11:01 Feudal Age
9:35 Loom
11:59 Double-Bit Axe
11:55 Horse Collar
13:10 Scale Mail Armor
26:55 Castle Age
25:33 Forging
26:56 Gold Mining
26:57 Stone Mining
27:50 Wheelbarrow
27:09 Pikeman
37:40 Imperial Age
35:40 Fletching
37:03 Chain Mail Armor
38:31 Iron Casting
38:19 Squires
38:05 Arson
39:05 Plate Mail Armor
38:02 Halberdier
42:17 Blast Furnace
45:30 Elite Serjeant
50:01 Bow Saw
49:52 Heavy Plow
53:33 First Crusade
53:38 Conscription
58:11 Caravan
63:10 Hoardings
69:50 Hand Cart
69:20 Town Watch
70:08 Crop Rotation
71:19 Town Patrol
74:06 Masonry
Triqem
6:07 Loom
10:49 Feudal Age
18:11 Castle Age
16:23 Double-Bit Axe
18:02 Horse Collar
19:53 Bow Saw
19:47 Heavy Plow
20:13 Stone Mining
22:35 Wheelbarrow
22:06 Squires
22:20 Forging
30:05 Bloodlines
29:55 Husbandry
30:10 Scale Mail Armor
33:32 Iron Casting
36:50 Imperial Age
34:18 Gold Mining
36:50 Scale Barding Armor
37:03 Chain Mail Armor
37:09 Hand Cart
36:40 Town Watch
37:18 Heavy Camel Rider
39:25 Elite Ghulam
40:32 Imperial Camel Rider
45:26 Chain Barding Armor
46:07 Blast Furnace
46:43 Gold Shaft Mining
46:43 Stone Shaft Mining
47:14 Two-Man Saw
45:52 Pikeman
46:18 Arson
47:56 Plate Barding Armor
48:48 Conscription
52:21 Fletching
52:31 Padded Archer Armor
59:04 Caravan
58:42 Light Cavalry
65:46 Hoardings
68:45 Bodkin Arrow
72:53 Hussar
74:36 Grand Trunk Road
Mhafiki
9:30 Loom
11:56 Feudal Age
16:00 Castle Age
15:24 Horse Collar
17:35 Double-Bit Axe
20:39 Heavy Plow
24:13 Bow Saw
29:08 Imperial Age
30:08 Ballistics
29:10 Heavy Scorpion
31:38 Chemistry
31:21 Pikeman
32:13 Forging
32:04 Scale Mail Armor
34:32 Iron Casting
35:47 Halberdier
38:46 Siege Engineers
44:08 Ballistas
49:45 Blast Furnace
49:01 Chain Mail Armor
51:41 Capped Ram
52:44 Squires
53:04 Man-at-Arms
53:07 Siege Ram
55:31 Comitatenses
55:32 Conscription
55:16 Long Swordsman
55:16 Long Swordsman
57:02 Legionary
63:05 Caravan
65:53 Padded Archer Armor
65:43 Fletching
65:15 Elite Skirmisher
67:31 Bodkin Arrow
67:52 Leather Archer Armor
74:50 Conscription
DKT | BRESSAN
3:45 Loom
12:51 Feudal Age
13:37 Double-Bit Axe
17:09 Gold Mining
19:37 Castle Age
18:02 Horse Collar
18:16 Stone Mining
20:48 Wheelbarrow
21:00 Gold Shaft Mining
20:20 Fletching
22:20 Heavy Plow
22:53 Bow Saw
24:31 Padded Archer Armor
26:51 Crossbowman
28:58 Hand Cart
30:34 Town Watch
33:50 Imperial Age
32:40 Yeomen
32:35 Bodkin Arrow
32:56 Leather Archer Armor
35:32 Bracer
35:59 Ballistics
37:18 Two-Man Saw
38:29 Chemistry
36:55 Arbalester
40:39 Conscription
48:50 Warwolf
52:12 Ring Archer Armor
59:53 Town Patrol
64:08 Man-at-Arms
64:34 Gambesons
64:50 Squires
64:36 Arson
77:56 Caravan
DKT | PLuS
8:03 Loom
11:05 Feudal Age
11:41 Double-Bit Axe
12:05 Horse Collar
15:20 Castle Age
15:58 Gold Mining
19:44 Heavy Plow
21:32 Forging
22:28 Husbandry
22:38 Bloodlines
23:04 Bloodlines
26:23 Iron Casting
25:54 Scale Barding Armor
27:31 Stone Mining
31:36 Imperial Age
29:42 Chain Barding Armor
33:34 Gold Shaft Mining
33:35 Stone Shaft Mining
33:33 Crop Rotation
32:31 Cavalier
33:53 Conscription
34:06 Savar
37:40 Murder Holes
38:46 Chemistry
39:47 Wheelbarrow
38:45 Light Cavalry
39:39 Bow Saw
41:12 Blast Furnace
41:54 Plate Barding Armor
43:13 Hand Cart
43:23 Pikeman
44:03 Squires
44:07 Scale Mail Armor
43:48 Hussar
46:50 Fletching
47:11 Kamandaran
48:24 Ballistics
48:01 Bodkin Arrow
48:12 Crossbowman
48:58 Thumb Ring
51:59 Two-Man Saw
53:20 Chain Mail Armor
FS.Avozinho
6:54 Double-Bit Axe
8:49 Loom
11:20 Feudal Age
11:20 Horse Collar
12:19 Bow Saw
12:42 Heavy Plow
18:54 Gold Mining
19:59 Forging
20:35 Fletching
26:13 Castle Age
24:56 Stone Mining
26:16 Stone Shaft Mining
26:58 Husbandry
28:21 Two-Man Saw
28:33 Wheelbarrow
30:36 Crop Rotation
35:24 Bodkin Arrow
37:50 Iron Casting
43:49 Imperial Age
42:39 Padded Archer Armor
43:55 Leather Archer Armor
44:46 Ballistics
45:30 Chemistry
45:37 Blast Furnace
45:35 Hand Cart
51:01 Caravan
52:21 Squires
54:51 Scale Mail Armor
54:54 Squires
54:37 Pikeman
55:04 Arson
55:16 Elite Skirmisher
55:42 Halberdier
56:39 Chain Mail Armor
56:58 Ballistics
71:54 Bracer
Connection lost

Rejoining the realm…

Still unreachable

The connection could not be restored.

Session expired

The server has moved on; the page needs a fresh start.